 Dungeon Crawl Stone Soup version 0.21.0-30-g47ce8e4 (webtiles) character file.

711 schets the Skirmisher (level 7, -3/64 HPs)
             Began as a Hill Orc Fighter on Jan 28, 2018.
             Was an Initiate of the Shining One.
             Slain by a worker ant (6 damage)
             ... while paralysed by Grinder
             ... on level 4 of the Dungeon.
             The game lasted 00:04:37 (4316 turns).

schets the Skirmisher (Hill Orc Fighter)            Turns: 4316, Time: 00:04:37

Health: -3/64      AC:  8    Str: 20    XL:     7   Next: 68%
Magic:  8/8        EV:  2    Int:  8    God:    the Shining One [......]
Gold:   208        SH:  0    Dex: 11    Spells: 6/6 levels left

rFire    . . .     SeeInvis .   a - +0 war axe
rCold    . . .     Gourm    .   c - +0 shield
rNeg     . . .     Faith    .   b - +0 scale mail
rPois    .         Spirit   .   (no helmet)
rElec    .         Reflect  .   (no cloak)
rCorr    .         Harm     .   (no gloves)
MR       +....                  g - +0 pair of boots (curse)
Stlth    ..........             (no amulet)
HPRegen  0.20/turn              q - ring of protection from magic
MPRegen  0.11/turn              (no ring)

@: paralysed, glowing
A: no striking features
a: Renounce Religion


You were on level 4 of the Dungeon.
You worshipped the Shining One.
The Shining One was noncommittal.
You were hungry.

You visited 1 branch of the dungeon, and saw 4 of its levels.

You collected 208 gold pieces.

Inventory:

Hand Weapons
 a - a +0 war axe (weapon)
 u - a +0 hand axe of flaming
Missiles
 v - a throwing net (quivered)
Armour
 b - a +0 scale mail (worn)
 c - a +0 shield (worn)
 g - a cursed +0 pair of boots (worn)
 n - a +2 buckler
Jewellery
 q - a ring of protection from magic (left hand)
Wands
 w - a wand of paralysis (19)
Scrolls
 e - 7 scrolls of identify {unknown}
 h - 2 scrolls of amnesia {unknown}
 i - 6 scrolls of remove curse {unknown}
 j - a scroll of fear {unknown}
 l - 2 scrolls of teleportation {unknown}
 m - 2 scrolls of random uselessness {unknown}
 p - 2 scrolls of enchant weapon {unknown}
 s - a scroll of enchant armour {unknown}
 t - a scroll of blinking {unknown}
Potions
 d - a potion of might
 k - a potion of haste
 o - 2 potions of brilliance {unknown}
 r - 2 potions of heal wounds {unknown}
Comestibles
 f - 2 rations


   Skills:
 * Level 6.6 Fighting
 * Level 6.4 Axes
 + Level 4.8 Armour
 + Level 4.8 Shields
 + Level 2.6 Invocations


You had 6 spell levels left.
You didn't know any spells.

Dungeon Overview and Level Annotations

Branches:
Dungeon (4/15)
 Temple: D:4-7

Altars:
Elyvilon
Yredelemnul
The Shining One

Annotations:
D:4 Grinder


Message History

The worker ant bites you but does no damage.
Grinder hits you but does no damage.
The worker ant bites you but does no damage.
The worker ant bites you but does no damage.
Grinder hits you.
You writhe in agony.
The worker ant bites you but does no damage.
Grinder gestures at you. Pain shoots through your body!
* * * LOW HITPOINT WARNING * * *
The worker ant bites you.
* * * LOW HITPOINT WARNING * * *
Grinder hits you.
* * * LOW HITPOINT WARNING * * *
You writhe in agony.
* * * LOW HITPOINT WARNING * * *
The worker ant bites you.
* * * LOW HITPOINT WARNING * * *
Grinder says, "What is the universe for?"
Grinder blinks!
The worker ant bites you.
You die...

#........###..# ##.
......#...#...###.p#
##..# #.#.........# #.
##......###.K#
#........# #.###
#........###...##
#.......[.)..#..###
#..#...a....##...#...#
#.....ยง@...####..##.#
###...............#.#
#.......5.........####
#........###..........
#........###..........
#........##...........
..#.########...........
.... #........... .#
##..........


You could see Grinder and a worker ant.

Vanquished Creatures
  Pikel (D:4)
  2 slaves
  The ghost of krpopo the Charmwright, an amateur GnSk (D:3)
  An orc priest (D:3)
  A centaur skeleton (D:4)
  A worker ant (D:4)
  3 adders
  An adder skeleton (D:4)
  2 worms
  3 dart slugs
  3 orcs (D:3)
  A ball python (D:3)
  6 bats
  3 giant cockroaches
  6 goblins
  4 hobgoblins
  A quokka (D:3)
  5 frilled lizards
  3 kobolds
  6 rats
54 creatures vanquished.

Vanquished Creatures (others)
  Ijyb (D:4)
  A frilled lizard (D:4)
2 creatures vanquished.

Grand Total: 56 creatures vanquished

Notes
Turn   | Place    | Note
-------+----------+-------------------------------------------
     0 | D:1      | schets the Hill Orc Fighter began the quest for the Orb.
     0 | D:1      | Reached XP level 1. HP: 19/19 MP: 1/1
   100 | D:1      | Reached XP level 2. HP: 23/27 MP: 2/2
  1212 | D:2      | Reached XP level 3. HP: 11/33 MP: 3/3
  1861 | D:2      | Found a white marble altar of Elyvilon.
  2081 | D:3      | Noticed krpopo's ghost (amateur GnSk)
  2091 | D:3      | Killed krpopo's ghost
  2091 | D:3      | Reached XP level 4. HP: 33/41 MP: 4/4
  2091 | D:3      | Reached XP level 5. HP: 38/47 MP: 5/5
  2106 | D:3      | Reached skill level 5 in Fighting
  2499 | D:3      | Found a glowing golden altar of the Shining One.
  2504 | D:3      | Found a basalt altar of Yredelemnul.
  2510 | D:3      | Noticed an angel
  2525 | D:3      | Became a worshipper of the Shining One
  3279 | D:4      | Noticed a slave
  3314 | D:3      | Killed a slave
  3683 | D:4      | Reached skill level 5 in Axes
  3683 | D:4      | Reached XP level 6. HP: 51/56 MP: 6/6
  3864 | D:4      | Noticed a slave
  3881 | D:4      | Killed a slave
  3940 | D:4      | Noticed Pikel
  3941 | D:4      | Noticed a slave
  3942 | D:4      | Noticed a slave
  3969 | D:4      | Killed Pikel
  3969 | D:4      | Reached XP level 7. HP: 37/64 MP: 6/8
  4186 | D:4      | Killed Ijyb
  4272 | D:4      | Noticed Grinder
  4303 | D:4      | Paralysed by Grinder for 2 turns
  4311 | D:4      | Paralysed by Grinder for 6 turns
  4316 | D:4      | HP: 3/64 [worker ant (3)]
  4316 | D:4      | Slain by a worker ant

Skill      XL: |  1  2  3  4  5  6 |
---------------+-------------------+-----
Axes           | 3 4 5 6 |  6.4
Fighting       | 4 5 6 |  6.6
Armour         | 4 |  4.8
Shields        | 4 |  4.8
Invocations    | 2 |  2.6

Action                   |  1- 3 |  4- 6 |  7- 9 || total
-------------------------+-------+-------+-------++-------
Melee: War axe           |   113 |   127 |    21 ||   261
  Use: Potion            |     4 |       |       ||     4
  Eat: Chunk             |     4 |     3 |       ||     7
       Ration            |       |     1 |       ||     1
Armor: Scale mail        |    42 |    35 |    11 ||    88
Dodge: Dodged            |    36 |    32 |     6 ||    74
Block: Shield            |    59 |    56 |    12 ||   127
